 Dungeon Crawl Stone Soup version 0.21.1-1-g345015f (webtiles) character file.

92 inc the Scratcher (level 4, 21/21 HPs)
             Began as a Felid Fighter on Apr 22, 2018.
             Quit the game on level 3 of the Dungeon.
             The game lasted 00:03:11 (2144 turns).

inc the Scratcher (Felid Fighter)                   Turns: 2144, Time: 00:03:13

Health: 21/21      AC:  1    Str: 13    XL:     4   Next: 35%
Magic:  5/5        EV: 21    Int:  9    God:
Gold:   128        SH:  0    Dex: 16    Spells: 3/3 levels left
                                        Lives:  0   Deaths: 1

rFire    . . .     SeeInvis +     - Unarmed
rCold    . . .     Gourm    .   (shield unavailable)
rNeg     . . .     Faith    .   (armour unavailable)
rPois    .         Spirit   .   (helmet unavailable)
rElec    .         Reflect  .   (cloak unavailable)
rCorr    .         Harm     .   (gloves unavailable)
MR       .....                  (boots unavailable)
Stlth    ++........             (no amulet)
HPRegen  0.07/turn              (no ring)
MPRegen  0.09/turn              (no ring)

@: quick
A: very small, no armour, no weapons or thrown items, stealth, claws 1, fangs 3,
see invisible, carnivore, speed 1, shaggy fur 1, slow metabolism 1, sharp paws
a: no special abilities


You were on level 3 of the Dungeon.
You were not hungry.

You visited 1 branch of the dungeon, and saw 3 of its levels.

You collected 128 gold pieces.

Inventory:

Jewellery
 e - an uncursed ring of poison resistance {unknown}
Scrolls
 c - 4 scrolls of identify {unknown}
 g - 2 scrolls of magic mapping {unknown}
 j - a scroll of enchant armour {unknown}
 k - 2 scrolls of teleportation {unknown}
 l - a scroll of remove curse {unknown}
Potions
 a - a potion of might
 d - a potion of degeneration {unknown}
 f - 2 potions of magic {unknown}
 h - a potion of heal wounds {unknown}
 i - a potion of cancellation {unknown}
Comestibles
 b - 3 rations


   Skills:
 - Level 3.0 Fighting
 + Level 5.8 Dodging
 - Level 5.8 Unarmed Combat


You had 3 spell levels left.
You didn't know any spells.

Dungeon Overview and Level Annotations

Branches:
Dungeon (3/15)

Altars:
Ashenzari
Dithmenos
Gozag
Trog
The Shining One

Annotations:
D:2 Crazy Yiuf
D:3 Robin, Sigmund


Innate Abilities, Weirdness & Mutations

You cannot wear armour.
You are incapable of wielding weapons or throwing items.
Your paws allow you to move quietly. (Stealth)
You have sharp claws.
You have razor-sharp teeth.
You have supernaturally acute eyesight. (SInv)
You are carnivorous and can eat meat at any time.
You cover ground quickly.
You are covered in fur. (AC +1)
You have a slow metabolism.
Your sharp claws are effective at attacking unaware monsters.


Message History

The orc priest is heavily wounded.
The orc closely misses you.
You barely miss the orc priest.
You bite the orc priest, but do no damage.
The orc priest is heavily wounded.
The orc priest misses you. The orc closely misses you.
You scratch the orc priest but do no damage.
The orc priest is heavily wounded.
The orc priest hits you with a flail!
* * * LOW HITPOINT WARNING * * *
You scratch the orc priest but do no damage.
Your bite misses the orc priest.
The orc priest is heavily wounded.
The orc barely misses you.
The orc priest mumbles some strange prayers to Beogh against you.
Beogh smites you!
You die...
You are now level 4!
You rejoin the land of the living...
Are you sure you want to abandon this character and quit the game? (Confirm with "yes".)

#.##..##≈.≈##..##
#.#..##≈≈.≈≈##..##
#+..##≈≈...≈≈##..#
....##§.....§##..#
...##8_.._.._8##.#
...######8######.#
...# #.#####.# #.#
...###..# #..###.#
....##..###(.##.@#
....(##..#..##..##
...............##
...##########.##
#'## #.# #.# #.#
#.# #.# #.## #.#
...## #.#


There were no monsters in sight!

Vanquished Creatures
  An ogre (D:3)
  4 adders
  An ooze (D:1)
  3 dart slugs
  3 leopard geckos
  2 bats
  A giant cockroach (D:2)
  9 hobgoblins
  2 jackals (D:2)
  3 frilled lizards
  9 goblins
  8 kobolds
  4 rats
50 creatures vanquished.

Notes
Turn   | Place    | Note
-------+----------+-------------------------------------------
     0 | D:1      | inc the Felid Fighter began the quest for the Orb.
     0 | D:1      | Reached XP level 1. HP: 10/10 MP: 2/2
   232 | D:1      | Reached XP level 2. HP: 14/14 MP: 3/3
   608 | D:1      | Reached skill level 5 in Unarmed Combat
   608 | D:1      | Reached XP level 3. HP: 12/17 MP: 4/4
   947 | D:2      | Reached XP level 4. HP: 7/21 MP: 5/5
  1172 | D:2      | Found a runed door.
  1332 | D:2      | Found a glowing golden altar of the Shining One.
  1391 | D:2      | Noticed Crazy Yiuf
  1455 | D:3      | Noticed Robin
  1716 | D:3      | Found an opulent altar of Gozag.
  1716 | D:3      | Found a bloodstained altar of Trog.
  1717 | D:3      | Found a shadowy altar of Dithmenos.
  1781 | D:3      | Found a shattered altar of Ashenzari.
  1786 | D:3      | Noticed an ogre
  1803 | D:3      | Killed an ogre
  1803 | D:3      | Reached skill level 5 in Dodging
  1803 | D:3      | Reached XP level 5. HP: 24/24 MP: 6/6
  1807 | D:3      | Noticed Sigmund
  2143 | D:3      | Killed from afar by an orc priest
  2144 | D:3      | Reached XP level 4. HP: -6/21 MP: 5/5
  2144 | D:3      | Quit the game

Skill      XL: |  1  2  3  4 |
---------------+-------------+-----
Unarmed Combat | 5 |  5.8
Dodging        | 5 |  5.8
Fighting       | |  3.0

Action                   |  1- 3 |  4- 6 || total
-------------------------+-------+-------++-------
Melee: Unarmed           |    83 |    54 ||   137
       Bite              |     8 |     7 ||    15
       Punch             |       |     1 ||     1
 Stab: Sleeping          |       |     2 ||     2
  Eat: Chunk             |       |     2 ||     2
Armor: Skin              |     5 |     4 ||     9
Dodge: Dodged            |    52 |    47 ||    99
